 Dungeon Crawl Stone Soup version 0.21.1-1-g345015fe64 (webtiles) character file.

5903 Revguard the Covert (level 10, -2/47 HPs)
             Began as a Spriggan Assassin on June 20, 2018.
             Was a Believer of Dithmenos.
             Killed by divine providence
             ... invoked by an orc priest
              (12 damage)
             ... on level 10 of the Dungeon.
             The game lasted 01:25:16 (11956 turns).

Revguard the Covert (Spriggan Assassin)            Turns: 11956, Time: 01:25:17

Health: -2/47      AC: 10    Str:  9    XL:     10   Next: 53%
Magic:  19/19      EV: 31    Int: 13    God:    Dithmenos [**....]
Gold:   572        SH:  0    Dex: 22    Spells: 9/20 levels left

rFire    . . .     SeeInvis +   G - +1 dagger (distort)
rCold    + . .     Gourm    .   (shield restricted)
rNeg     . . .     Faith    .   c - +1 robe
rPois    .         Spirit   .   o - +2 hat
rElec    .         Reflect  .   d - +2 cloak
rCorr    .         Harm     .   (gloves unavailable)
MR       +....                  (boots unavailable)
Stlth    ++++++++..             (no amulet)
HPRegen  0.15/turn              z - +3 ring of dexterity
MPRegen  0.16/turn              (no ring)

@: about to teleport, wreathed by umbra, very quick
A: very small, unfitting armour, slimy green scales 1, see invisible, cold
resistance 1, herbivore, speed 3, slow metabolism 2
a: Shadow Step, Renounce Religion


You were on level 10 of the Dungeon.
You worshipped Dithmenos.
Dithmenos was pleased with you.
You were not hungry.

You visited 2 branches of the dungeon, and saw 11 of its levels.
You also visited: Sewer.

You collected 572 gold pieces.

Inventory:

Hand Weapons
 a - a +4 dagger
 b - a +0 blowgun
 G - a +1 dagger of distortion (weapon)
Missiles
 e - 17 poisoned needles
Armour
 c - a +1 robe (worn)
 d - a +2 cloak (worn)
 k - the +1 storm dragon scales of the Hippo {rElec rN+}
   (You acquired it on level 9 of the Dungeon)

   It insulates you from electricity.
   It protects you from negative energy.
 o - a +2 hat (worn)
Jewellery
 h - an uncursed ring of fire
 p - an uncursed amulet of inaccuracy
 z - a +3 ring of dexterity (left hand)
Wands
 f - a wand of iceblast (7)
 u - a wand of flame (36)
 v - a wand of digging (40)
 A - a wand of enslavement (15)
Scrolls
 j - 4 scrolls of identify
 m - 3 scrolls of teleportation
 r - 2 scrolls of amnesia
 y - a scroll of remove curse
Potions
 i - 6 potions of flight
 l - a potion of magic {unknown}
 x - 3 potions of brilliance
Books
 t - a book of Power

   Spells                             Type                      Level
   a - Iskenderun's Battlesphere      Conjuration/Charms           5
   b - Venom Bolt                     Conjuration/Poison           5
   c - Bolt of Magma                  Conjuration/Fire/Earth       5
   d - Iron Shot                      Conjuration/Earth            6
   e - Orb of Destruction             Conjuration                  7
   f - Spellforged Servitor           Conjuration/Summoning        7
 C - a book of Callings

   Spells                             Type                      Level
   a - Summon Small Mammal            Summoning                    1
   b - Call Imp                       Summoning                    2
   c - Call Canine Familiar           Summoning                    3
   d - Summon Guardian Golem          Hexes/Summoning              3
   e - Summon Lightning Spire         Summoning/Air                4
   f - Summon Ice Beast               Ice/Summoning                4
Comestibles
 g - 14 rations


   Skills:
 + Level 2.6 Fighting
 + Level 5.3 Short Blades
 - Level 3.3 Throwing
 + Level 12.8 Dodging
 + Level 13.7 Stealth
 + Level 5.5 Spellcasting
 - Level 3.0 Summonings
 - Level 3.3 Air Magic
 - Level 3.0 Evocations


You had 9 spell levels left.
You knew the following spells:

 Your Spells              Type           Power        Failure   Level  Hunger
a - Summon Lightning Spi  Summ/Air       ##......     43%         4    ####...
b - Orb of Destruction    Conj           #.........   100%        7    #######


Dungeon Overview and Level Annotations

Branches:
Dungeon (10/15)            Temple (1/1) D:6
   Lair: D:8-11         Orc: D:9-12

Altars:
Ashenzari
Cheibriados
Dithmenos
Elyvilon
Fedhas
Gozag
Hepliaklqana
Kikubaaqudgha
Makhleb
Nemelex Xobeh
Okawaru
Qazlal
Ru
Sif Muna
Trog
Uskayaw
Vehumet
Wu Jian
Xom
Yredelemnul
Zin
The Shining One
Jiyva

Shops:
D:5 %   D:10 [

Annotations:
D:3 denis1488's ghost, amateur SpVM
D:6 P0WERM0DE's ghost, novice OpNe
D:9 Erolcha


Innate Abilities, Weirdness & Mutations

You are very small and have problems with some larger weapons.
You are too small for most types of armour.
You have supernaturally acute eyesight. (SInv)
You are a herbivore.
You cover ground extremely quickly.
You need consume almost no food.
You are partially covered in slimy green scales. (AC +2)
Your flesh is cold resistant. (rC+)


Message History

You easily resist.
Evoke which item? (* to show all) (? for menu, Esc to quit)
Aiming: Enslavement
Press: ? - help, Shift-Dir - straight line, f - troll, p - orc priest
Aim: a troll (umbra, chance to defeat MR: 54%)
The troll is charmed.
The orc priest casts a cantrip, but nothing happens.
The orc priest mumbles some strange prayers to Beogh against you.
Pain shoots through your body!
* * * LOW HITPOINT WARNING * * *
As you read the scroll of teleportation, it crumbles to dust.
You feel strangely unstable.
The orc priest hits your troll with a short sword.
Your troll barely misses the orc priest.
Your troll claws the orc priest. x2
The orc priest dies!
Dithmenos accepts your kill.
The orc priest calls down the wrath of Beogh upon you.
Beogh smites you!
You die...

### ..## ...# ...#
####### ...#
##.....## ...#
#.......# ...##
#....@..# ....#
######..o...# .####
##...##......# ..#
#.....$...T..# ..#
#.......<.).## ..#
#.........lo#
#########..##.....)..
##.<#.###..##.......o
#....................


You could see 2 orc priests, a leopard gecko and a friendly troll (unaware).

Vanquished Creatures
  Erica (D:8)
  Pikel (D:7)
  Maurice (D:8)
  Joseph (D:8)
  Psyche (D:9)
  A merfolk (D:9)
  Sigmund (D:3)
  Duvessa (D:7)
  An ice beast (D:8)
  2 orc warriors (D:8)
  A sky beast (D:9)
  The ghost of chorionicmirror the Pure, an amateur DsAK of Lugonu (D:4)
  2 ogres (D:6)
  2 centaurs (D:8)
  A big kobold (Sewer)
  2 bullfrogs
  A scorpion (D:7)
  13 killer bees
  4 wights (D:6)
  2 howler monkeys
  3 electric eels (D:8)
  A jelly (D:9)
  A bullfrog zombie (D:6)
  3 hounds
  2 orc priests (D:10)
  3 iguanas
  3 bullfrog skeletons
  Crazy Yiuf (D:7)
  8 orc wizards
  3 worker ants
  A worker ant zombie (D:7)
  4 adders
  A river rat (Sewer)
  A shadow imp (D:7)
  An ooze (D:3)
  An adder skeleton (D:4)
  3 dart slugs
  11 leopard geckos
  14 orcs
  14 giant cockroaches
  7 goblins
  9 hobgoblins
  14 jackals
  8 kobolds
  3 ball pythons
  6 bats
  4 frilled lizards
  A quokka skeleton (D:4)
  13 rats
  A butterfly (D:6)
  A fungus (D:7)
186 creatures vanquished.

Vanquished Creatures (collateral kills)
  A two-headed ogre (D:8)
  3 killer bees
  A howler monkey (D:10)
  An orc priest (D:10)
  An iguana (D:10)
7 creatures vanquished.

Vanquished Creatures (others)
  A wizard (D:4)
  A troll (D:9)
  A yak (D:9)
  An orc warrior (D:9)
  A centaur (D:9)
  Dowan (D:7)
  A crimson imp (D:7)
  A hound (D:9)
  A centaur skeleton (D:9)
  An orc wizard (D:9)
  An iguana (D:9)
  An adder (D:9)
  A leopard gecko (D:7)
  An orc (D:8)
14 creatures vanquished.

Grand Total: 207 creatures vanquished

Notes
Turn   | Place    | Note
-------+----------+-------------------------------------------
     0 | D:1      | Revguard the Spriggan Assassin began the quest for the Orb.
     0 | D:1      | Reached XP level 1. HP: 10/10 MP: 2/2
    26 | D:1      | Reached skill level 6 in Stealth
   456 | D:1      | Reached XP level 2. HP: 14/14 MP: 3/3
   765 | D:1      | Reached skill level 1 in Spellcasting
   991 | D:2      | Found a hide-covered altar of Uskayaw.
  1055 | D:2      | Found a radiant altar of Vehumet.
  1206 | D:2      | Reached XP level 3. HP: 18/18 MP: 5/5
  1362 | D:2      | Found a hazy altar of Hepliaklqana.
  1726 | D:3      | Noticed Sigmund
  1731 | D:3      | Killed Sigmund
  1731 | D:3      | Reached skill level 7 in Stealth
  1731 | D:3      | Reached XP level 4. HP: 18/23 MP: 5/8
  1731 | D:3      | Reached XP level 5. HP: 21/26 MP: 5/9
  1936 | D:3      | Found a glowing drain.
  1994 | D:3      | Noticed denis1488's ghost (amateur SpVM)
  2004 | Sewer    | Entered a sewer
  2356 | Sewer    | Reached XP level 6. HP: 27/30 MP: 9/11
  2417 | Sewer    | Found a white marble altar of Elyvilon.
  3013 | D:3      | Found a deep blue altar of Sif Muna.
  3683 | D:4      | Reached skill level 8 in Stealth
  3917 | D:4      | Found a bloodstained altar of Trog.
  3921 | D:4      | Noticed a wizard
  3928 | D:4      | Killed a wizard
  3964 | D:4      | Noticed chorionicmirror's ghost (amateur DsAK)
  4049 | D:4      | Killed chorionicmirror's ghost
  4049 | D:4      | Reached skill level 5 in Dodging
  4049 | D:4      | Reached XP level 7. HP: 35/35 MP: 12/12
  4093 | D:4      | Found an opulent altar of Gozag.
  4318 | D:5      | Entered Level 5 of the Dungeon
  4330 | D:5      | Found a stormy altar of Qazlal.
  4504 | D:5      | Found Qaexzy's Food Boutique.
  4543 | D:5      | Found a shattered altar of Ashenzari.
  4612 | D:5      | You fall through a shaft for 2 floors!
  4612 | D:7      | Noticed Pikel
  4647 | D:6      | Noticed P0WERM0DE's ghost (novice OpNe)
  4776 | D:6      | Found a hazy altar of Hepliaklqana.
  4920 | D:6      | Found a staircase to the Ecumenical Temple.
  4931 | Temple   | Entered the Ecumenical Temple
  5062 | Temple   | Became a worshipper of Dithmenos the Shadowed
  5313 | D:6      | Reached skill level 9 in Stealth
  5452 | D:6      | Reached skill level 10 in Stealth
  5519 | D:6      | Reached XP level 8. HP: 28/39 MP: 13/13
  5700 | D:6      | Learned a level 4 spell: Summon Lightning Spire
  5929 | D:7      | Reached skill level 11 in Stealth
  5960 | D:7      | Noticed Dowan
  6090 | D:7      | Noticed Duvessa
  6467 | D:7      | Gained mutation: You are occasionally teleported next to monsters. [potion of mutation]
  6467 | D:7      | Lost mutation: You are occasionally teleported next to monsters. [potion of mutation]
  6467 | D:7      | Gained mutation: You are partially covered in slimy green scales. (AC +2) [potion of mutation]
  6467 | D:7      | Gained mutation: Your flesh is cold resistant. (rC+) [potion of mutation]
  6470 | D:7      | Killed Pikel
  6470 | D:7      | Reached skill level 12 in Stealth
  6470 | D:7      | Reached skill level 1 in Summonings
  6470 | D:7      | Reached skill level 1 in Air Magic
  6780 | D:7      | Reached * piety under Dithmenos
  7079 | D:7      | Found a sacrificial altar of Ru.
  7111 | D:7      | Killed Dowan
  7185 | D:7      | Killed Duvessa
  7185 | D:7      | Reached XP level 9. HP: 21/43 MP: 16/16
  7534 | D:7      | Found a runed door.
  7538 | D:7      | Noticed Crazy Yiuf
  7542 | D:7      | Killed Crazy Yiuf
  7625 | D:8      | Noticed Joseph
  7632 | D:8      | Killed Joseph
  7918 | D:8      | HP: 2/43 [poisoned by a killer bee]
  7924 | D:8      | HP: 2/43 [poisoned by a killer bee]
  7930 | D:8      | HP: 1/43 [poisoned by a killer bee]
  8301 | D:8      | Reached skill level 13 in Stealth
  8459 | D:8      | Found a snail-covered altar of Cheibriados.
  8570 | D:8      | Noticed Maurice
  8636 | D:8      | Killed Maurice
  8636 | D:8      | Reached skill level 10 in Dodging
  8718 | D:8      | Noticed Erica
  8725 | D:8      | Killed Erica
  8725 | D:8      | Reached skill level 5 in Spellcasting
  9405 | D:8      | Reached XP level 10. HP: 16/47 MP: 18/18
  9778 | D:8      | Noticed a two-headed ogre
  9794 | D:8      | Killed a two-headed ogre
 10179 | D:8      | Reached skill level 5 in Short Blades
 10377 | D:8      | Found a glowing golden altar of the Shining One.
 10636 | D:9      | Noticed Psyche
 10659 | D:9      | Killed Psyche
 10659 | D:9      | Reached ** piety under Dithmenos
 10692 | D:9      | Identified a scroll of acquirement
 10695 | D:9      | Got warped storm dragon scales
 10788 | D:9      | Identified the +1 storm dragon scales of the Hippo {rElec rN+} (You acquired it on level 9 of the Dungeon)
 10803 | D:9      | Noticed Erolcha
 11441 | D:9      | Found a shimmering altar of Xom.
 11715 | D:9      | Learned a level 7 spell: Orb of Destruction
 11751 | D:10     | Entered Level 10 of the Dungeon
 11751 | D:10     | Found Plog's Antique Armour Boutique.
 11835 | D:10     | Reached skill level 1 in Evocations
 11956 | D:10     | Killed from afar by an orc priest

Skill      XL: |  1  2  3  4  5  6  7  8  9 10 |
---------------+-------------------------------+-----
Stealth        | 6 7 8 10 12 13 | 13.7
Spellcasting   | 1 2 3 4 5 |  5.5
Dodging        | 2 3 5 6 8 11 12 | 12.8
Short Blades   | 3 4 5 |  5.3
Fighting       | 2 |  2.6
Throwing       | 3 |  3.3
Summonings     | 1 2 3 |  3.0
Air Magic      | 1 2 3 |  3.3
Evocations     | 3 |  3.0

Action                   |  1- 3 |  4- 6 |  7- 9 | 10-12 || total
-------------------------+-------+-------+-------+-------++-------
Melee: Dagger            |   128 |   239 |   426 |   206 ||   999
 Fire: Blowgun           |    21 |    14 |    49 |    11 ||    95
 Cast: Summon Lightning  |       |       |     1 |     1 ||     2
Evoke: Wand              |       |       |     1 |    17 ||    18
  Use: Scroll            |     6 |     6 |     1 |    10 ||    23
       Potion            |       |     5 |    11 |     3 ||    19
 Stab: Sleeping          |     8 |    10 |    15 |     4 ||    37
       Distracted        |       |       |     2 |       ||     2
  Eat: Ration            |       |       |     3 |     2 ||     5
Armor: Robe              |    19 |    30 |    36 |    18 ||   103
       Skin              |       |       |     6 |       ||     6
Dodge: Dodged            |    98 |   179 |   459 |   333 ||  1069
